Cogmind - Beta 13 @@@ ROGUE MODE // 2024.04.08 @ 19:53:04 Player: f_ Result: Destroyed by G-34 Mercenary with Small Laser Performance ------------- Evolutions (1) 500 Regions Visited (2) 400 Robots Destroyed (0) 0 Value Destroyed (0) 0 Prototype IDs (0) 0 Alien Tech Used (0) 0 Bonus (200) 200 TOTAL SCORE: 1100 Bonus ------- Pacifist 200 Cogmind --------- Core Integrity 0/400 Matter 99/300 Energy 98/100 System Corruption 0% Temperature Cool (12) Movement Core (50) Location -9/Materials Parts ------- > --- POWER (1) -------- (None) > --- PROPULSION (2) --- (None) > --- UTILITY (4) ------ (None) > --- WEAPON (2) ------- (None) > --- INVENTORY (5) ---- (None) Peak State ------------ > --- POWER ------------ (None) > --- PROPULSION ------- (None) > --- UTILITY ---------- Sensor Array > --- WEAPON ----------- (None) > --- INVENTORY -------- (None) [Rating: 1] Favorites ----------- Power None Propulsion None Utility Sensor Array Device Sensor Array Weapon None Build | -11 -10 -9 ------- Run | Yrd Mat Mat Slots Evolved 2 | . . 2 Power . | . . . Propulsion . | . . . Utility 2 | . . 2 Weapon . | . . . Parts Attached 1 | . 1 . Power . | . . . Engine . | . . . Core . | . . . Reactor . | . . . Propulsion . | . . . Treads . | . . . Leg . | . . . Wheel . | . . . Hover . | . . . Flight . | . . . Utility 1 | . 1 . Device 1 | . 1 . Storage . | . . . Processor . | . . . Hackware . | . . . Protection . | . . . Artifact . | . . . Weapon . | . . . Energy Gun . | . . . Energy Cannon . | . . . Ballistic Gun . | . . . Ballistic Cannon . | . . . Launcher . | . . . Special Weapon . | . . . Impact Weapon . | . . . Slashing Weapon . | . . . Piercing Weapon . | . . . Special Melee Weapon . | . . . Unidentified Prototypes . | . . . Parts Lost 1 | . . 1 Power . | . . . Propulsion . | . . . Utility 1 | . . 1 Weapon . | . . . Highest Loss Streak 1 | . . 1 To Critical Strikes . | . . . Average Slot Usage (%) 4 | . 5 4 Device 4 | . 5 4 Naked Turns 141 | . 74 67 Heaviest Build 1 | . 1 1 Greatest Support 3 | 3 3 3 Greatest Overweight (x) . | . . . Average Overweight (x) . | . . . Largest Inventory Capacity 5 | 5 5 5 Average Capacity 5 | 5 5 5 Most Carried . | . . . Average Carried . | . . . Final Capacity 5 | 5 5 5 Final Carried . | . . . Class Distribution -------------------- 100% | Mutant Dominant Class ---------------- Mutant | -10/Materials Mutant | -9/Materials Resources | -11 -10 -9 ----------- Run | Yrd Mat Mat Matter Collected . | . . . Remotely . | . . . Salvage Created . | . . . Parts . | . . . Haulers Intercepted . | . . . Recyclers Shooed . | . . . Parts Field Recycled . | . . . Retrieved Matter . | . . . Parts Self-Destructed . | . . . Prevented . | . . . Kills | -11 -10 -9 ------- Run | Yrd Mat Mat Combat Hostiles Destroyed . | . . . Classes Destroyed . | . . . Best Kill Streak . | . . . Combat Bots Only . | . . . Max Kills in Single Turn . | . . . Gunslinging . | . . . Exploded . | . . . Melee . | . . . Uniques/NPCs Destroyed . | . . . Combat | -11 -10 -9 -------- Run | Yrd Mat Mat Hostile Shots Fired 80 | . 7 73 Missed 37 | . 3 34 Damage Taken 476 | . 42 434 Core 449 | . 42 407 Absorbed by Shields . | . . . Core Remaining (%) 91 | 100 83 . Volleys Fired . | . . . Largest . | . . . Hottest . | . . . Shots Fired . | . . . Gun . | . . . Cannon . | . . . Launcher . | . . . Special . | . . . Kinetic . | . . . Thermal . | . . . Explosive . | . . . Electromagnetic . | . . . Robot Hit Streak . | . . . Robot Miss Streak . | . . . Penetration Max . | . . . Secondary Targets . | . . . Shots Hit Robots . | . . . Core Hits . | . . . Critical Kills . | . . . Critical Parts Destroyed . | . . . Critical Strikes . | . . . Melee Attacks . | . . . Impact . | . . . Slashing . | . . . Piercing . | . . . Sneak Attacks . | . . . Combat Hostiles . | . . . Follow-up Attacks . | . . . Damage Inflicted 2 | . 2 . Guns . | . . . Cannons . | . . . Explosions . | . . . Melee . | . . . Ramming 2 | . 2 . Kinetic . | . . . Thermal . | . . . Explosive . | . . . Electromagnetic . | . . . Impact . | . . . Slashing . | . . . Piercing . | . . . Highest Corruption . | . . . Average Corruption . | . . . Corruption Purged . | . . . Corruption Blocked . | . . . Overload Shots . | . . . Overflow Damage . | . . . Projectiles . | . . . Explosions . | . . . Melee . | . . . Knockbacks . | . . . Impact . | . . . Kinetic . | . . . Secondary . | . . . Self-Inflicted Damage 1 | . 1 . Shots . | . . . Rammed 1 | . 1 . Targets Rammed 1 | . 1 . Kicked . | . . . Crushed . | . . . Highest Temperature . | . . . Average Temperature . | . . . Received Heat Transfer 144 | . 24 120 Siege Activations . | . . . Robots Corrupted . | . . . Combat Hostiles . | . . . Parts Fried . | . . . Impact Corruptions . | . . . Robots Melted . | . . . Combat Hostiles . | . . . Parts Melted . | . . . Heat Transferred . | . . . Parts Sabotaged . | . . . Parts Stolen . | . . . Parts Stripped . | . . . Power Chain Reactions . | . . . Alert | -11 -10 -9 ------- Run | Yrd Mat Mat Peak Influence 271 | . 81 271 Initial 33 | . . 33 Average 77 | . 49 115 Maximum Alert Level 1 | . . 1 Low Security (%) 91 | 100 100 80 Level 1 8 | . . 19 Level 2 . | . . . Level 3 . | . . . Level 4 . | . . . Level 5 . | . . . High Security . | . . . Max Security . | . . . Squads Dispatched 5 | . 1 4 Investigation 4 | . 1 3 Extermination . | . . . Reinforcement 1 | . . 1 Assault . | . . . Garrison . | . . . Intercept . | . . . Searches Triggered . | . . . Construction Impeded . | . . . Haulers Reinforced . | . . . Active Scanning Responses . | . . . Cargo Convoy Interrupts . | . . . Stealth | -11 -10 -9 --------- Run | Yrd Mat Mat Distress Signals 2 | . . 2 Communications Jammed . | . . . Distress Signals . | . . . Times Spotted 25 | . 4 21 Peak Tracking Total 16 | . 3 16 Tactical Retreats 3 | . 1 2 Traps | -11 -10 -9 ------- Run | Yrd Mat Mat Traps Triggered 1 | . . 1 Indirectly . | . . . Trap Hack Attempts . | . . . Triggered . | . . . Disarmed . | . . . Reprogrammed . | . . . Reused . | . . . Traps Extracted . | . . . Installed . | . . . Triggered . | . . . Machines | -11 -10 -9 ---------- Run | Yrd Mat Mat Machines Disabled . | . . . Max in Single Turn . | . . . Machines Repaired . | . . . Machines Dismantled . | . . . Machines Sabotaged . | . . . Overloaded Fab Kills . | . . . Hacking | -11 -10 -9 --------- Run | Yrd Mat Mat Machines Accessed 11 | . 5 6 Terminals 11 | . 5 6 Fabricators . | . . . Repair Stations . | . . . Recycling Units . | . . . Scanalyzers . | . . . Garrison Access . | . . . Total Hacks 34 | . 18 16 Successful 8 | . 4 4 Failed 26 | . 14 12 Catastrophic 8 | . 2 6 Database Lockouts . | . . . Manual 30 | . 15 15 Terminals 34 | . 18 16 Fabricators . | . . . Repair Stations . | . . . Recycling Units . | . . . Scanalyzers . | . . . Garrison Access . | . . . Terminal Hacks 4 | . 2 2 Level Access Points 2 | . 1 1 Terminal Index 2 | . 1 1 Fabricator Hacks . | . . . Repair Station Hacks . | . . . Recycling Unit Hacks . | . . . Scanalyzer . | . . . Garrison Access Hacks . | . . . Unauthorized Hacks 4 | . 2 2 Terminals 4 | . 2 2 Assimilate 1 | . 1 . Botnet 3 | . 1 2 Fabricators . | . . . Repair Stations . | . . . Recycling Units . | . . . Scanalyzers . | . . . Garrison Access . | . . . Data Cores Recovered . | . . . Used . | . . . Hacking Detections 11 | . 5 6 Full Trace Events 7 | . 2 5 Feedback Events . | . . . Feedback Blocked . | . . . Robot Schematics Acquired . | . . . Robots Built . | . . . Authchips . | . . . Time . | . . . Total Robot Build Rating . | . . . Part Schematics Acquired . | . . . Parts Built . | . . . Authchips . | . . . Time . | . . . Total Part Build Rating . | . . . Parts Repaired . | . . . Time . | . . . Parts Recycled . | . . . Recycled Matter . | . . . Retrieved Matter . | . . . Retrieved Components . | . . . Parts Scanalyzed . | . . . Part Schematics Acquired . | . . . Parts Damaged . | . . . Bothacking | -11 -10 -9 ------------ Run | Yrd Mat Mat Used RIF Installer . | . . . Robots Hacked . | . . . Non-combat . | . . . Combat . | . . . Robot Hacks Applied . | . . . Relay Couplers Released . | . . . Fabnet Peak Effective % . | . . . Robots Rewired . | . . . Allies Hacked . | . . . Hacks Repelled . | . . . Allies | -11 -10 -9 -------- Run | Yrd Mat Mat Total Allies . | . . . Largest Group . | . . . Highest-Rated Group . | . . . Highest-Rated Ally . | . . . Total Orders . | . . . Ally Attacks . | . . . Total Damage . | . . . Kills . | . . . Allies Corrupted . | . . . Allies Melted . | . . . Intel | -11 -10 -9 ------- Run | Yrd Mat Mat Robot Analysis Total . | . . . Derelict Logs Recovered . | . . . Drone Launches . | . . . Drone Recoveries . | . . . Exploration | -11 -10 -9 ------------- Run | Yrd Mat Mat Turns Passed 240 | 9 121 110 Spaces Moved 475 | 18 237 220 Core 475 | 18 237 220 Treads . | . . . Legs . | . . . Wheels . | . . . Hover . | . . . Flight . | . . . Fastest Speed 50 | 50 50 50 Average Speed 50 | 50 50 50 Slowest Speed 50 | 50 50 50 Overloaded Moves . | . . . Propulsion Burnouts . | . . . Robots Hopped . | . . . Cave-ins Triggered . | . . . Exploration Rate (%) 31 | 3 46 44 Regions Visited 2 Branch Regions . Pre-discovered Areas . | . . . Known Exits Taken 1 | . 1 . Unknown Exits Taken 1 | 1 . . Scrap Searched . | . . . Spaces Dug . | . . . Terrain Destroyed . | . . . Melee . | . . . Projectile . | . . . AOE . | . . . Terrain Rammed . | . . . Walls Destroyed . | . . . Machines Disabled . | . . . Actions | -11 -10 -9 --------- Run | Yrd Mat Mat Total 475 | 17 238 220 Wait . | . . . Move 473 | 17 236 220 Hop . | . . . Pick Up . | . . . Fast Attach 1 | . 1 . Attach . | . . . Detach . | . . . Swap . | . . . Drop . | . . . Fire . | . . . Melee . | . . . Ram 1 | . 1 . Kick . | . . . Crush . | . . . Escape Stasis . | . . . Rewire . | . . . Trap . | . . . Miscellaneous . | . . . Route ------- -11/Scrapyard -10/Materials (discovered 4 exits: *Mat x3 / [*Min]) -9/Materials (discovered 3 exits: Mat x3) History --------- Turn | Location | Event 4 | -11/Scrapyard | Discovered new exit (range 12) 10 | -11/Scrapyard | Entered Materials 72 | -10/Materials | Discovered new exit (range 7) 83 | -10/Materials | Identified exit to Materials 131 | -10/Materials | Entered another Materials area 131 | -9/Materials | Evolved 2 slots: Utility x2 214 | -9/Materials | Core integrity fell below 50% 215 | -9/Materials | Identified exit to Materials 237 | -9/Materials | Core integrity fell below 20% 241 | -9/Materials | Destroyed by G-34 Mercenary with Small Laser Last Messages --------------- Terminal linked with 1 system. Awaiting botnet instructions. 00200_ Triggered Alarm Trap. 00200_ An alarm sounds. 00200_ ALERT: Alarm triggered, dispatching investigation squad. 00202_ C-30 ARC bursts open, deploying its payload. 00202_ S-10 Pest unfolds itself. 00204_ K-01 Serf collects debris. 00206_ Connecting with Terminal... >>Access(Main) Found 3 level access points to Materials: (15,80) (78,92) (16,11) Map updated. 00215_ ALERT: Suspicious activity at Terminal M003. Dispatching Investigation squad. 00216_ K-01 Serf cleans the Purification Channel. 00239_ W-16 Scout sends out distress signal. 00241_ T-07 Excavator is excavating. Map ----- +----------------------------------------------------+ | ?????????????????????# ""??????????# | | ???????????########### "???????????####### | | ???????????# # ????????????????# | | ???????????# """ #+##+#######???????# | | ?????????### """"" # ######### | | ?????????? / """"" + !#? ## | | ???????????# """"" # #? ## | | ???????????# """ # " +?? ## | | ??]????????# # """ #??"T" ## | | ?#]] ??????# # "" #???"" ?# | | ?#!! ########+###### """ #??? ?# | | ?#!! #????# "" #####+### | | ?#!! ^ #????# """ # # | | ?#!! #????# """ # "T" + | | ??#### #????# """ / # | | ?????########## #????# " # """ # | | ????? ### ###??# # """ ## | | ?????"" """ # #### # """ #? | | ????""" """ # # #? | | ??# """ """ ; # #? | | ??# # + !! #? | | ??# # ##########+#### !! #? | | ??# ## ######### T # ! #? | | ??# ## # %## ####### #? | | ??############ w# ## #??????##? | | ?????????????# g @ " " ## " #????????? | | ?????????????# # "R" ## ""#????????? | | ?????????????#gg # """ ## ""#????????? | | ?????????????# #? k## """#????????? | | ?????????????# #?###### "" ?????????? | | ?????????????# #??????## """?????????? | | ?????????????# #???????# ""??????????? | | ?????????????# #???????# ????????????? | | ?????????????# #???????# ????????????? | | ?????????????# #???????# ????????????? | | ?????????????# #???????####????????????? | | ?????????????# #???????????????????????? | | ?????????????# ????????????????????????? | | ?????????????# ????????????????????????? | | ????????????? ????????????????????????? | | ?????????????? ????????????????????????? | | ?????????????????????????????????????????? | | ?????????????????????????????????????????? | | ?????????????????????????????????????????? | | ?????????????????????????????????????????? | | ?????????????????????????????????????????? | | ?????????????????????????????????????????? | | ?????????????????????????????????????????? | | ?????????????????????????????????????????? | | ?????????????????????????????????????????? | +----------------------------------------------------+ Best States ------------- Heat Dissipation 28 Energy Generation 5 Energy Capacity 100 Matter Stores 104 Matter Capacity 300 Sight Range 16 Robot Scan Range 14 Terrain Scan Density 10 Evasion (%) 50 Item Schematics ----------------- None Robot Schematics ------------------ None Fabricated ------------ Nothing Alien Tech Used ----------------- None Achievements -------------- None Challenges ------------ None Game ------ Seed ChromaticMultinovaWarhead Manual? 0 Play Time 00:10:47 Cumulative 170.9 hours Start 2024.04.08 @ 19:45:09 End 2024.04.08 @ 19:53:04 Sessions 1 Manual Loads 0 Difficulty Rogue Special Mode None Game No. 151 Rogue 146 Adventurer 0 Explorer 5 Win Type - Total 5 Types 2/0/1/2/0/0/0/0/0 Lore% 52 Gallery% 61 Achievement% 48 Wizard Run 0 Options --------- Layout 0 ASCII 0 Keyboard 0 Movement Numpad Keybinds 0 Fullscreen 2 Font 36/Terminus Map View 83x50 Zoom Use 0% Tactical HUD 1 Map Filters NONE Filters NONE Steam 1 RUN: 8708bc83-0346-425e-ac63-f493b6ed8c6d